General information
- name: BNet
- type: Ladder team game (AT/RT)
- host: Battle.net
- saver: TheNumber1-B
map: Wetlands
- players: 4
- length: 41:26
- speed: Fast
- version: 1.23 W3XP
- replay type: Public
» download(289 KB)
Players
team 1 (winner)
TheNumber1-B (
red | 119 APM | 4924 actions | 41:26)
9 Blademaster
3 Wind Walk
3 Critical Strike
1 Bladestorm
2 Mirror Image
» actions
| Assign group hotkey | 8 | |
| Basic commands | 10 | |
| Build / train | 89 | |
| ESC pressed | 4 | |
| Enter build submenu | 48 | |
| Enter hero's abilities submenu | 9 | |
| Give item / drop item | 12 | |
| Right click | 2721 | |
| Select / deselect | 232 | |
| Select group hotkey | 1424 | |
| Use ability | 366 | |
4924 total
» units
» upgrades
| Spiked Barricades | 1 | |
| Reinforced Defenses | 1 | |
2 total
» buildings
| Altar of Storms | 1 | |
| Orc Burrow | 6 | |
| Voodoo Lounge | 3 | |
| War Mill | 3 | |
| Watch Tower | 26 | |
| Stronghold | 6 | |
| Fortress | 3 | |
| Barracks | 1 | |
| Beastiary | 2 | |
| Great Hall | 2 | |
53 total
» build order
00:07 Altar of Storms
00:19 Orc Burrow
00:50 Voodoo Lounge
01:09 War Mill
01:50 Orc Burrow
02:34 Watch Tower
02:48 Watch Tower
02:49 Watch Tower
03:17 Watch Tower
04:10 Watch Tower
04:11 Watch Tower
04:14 Watch Tower
04:25 Watch Tower
04:54 Stronghold
04:54 Stronghold
04:55 Stronghold
05:17 Watch Tower
05:23 Voodoo Lounge
06:43 Watch Tower
06:43 Watch Tower
06:46 Watch Tower
07:06 Watch Tower
07:20 Watch Tower
07:41 Fortress
07:41 Fortress
07:54 Watch Tower
09:09 Watch Tower
09:34 Watch Tower
09:34 Watch Tower
09:36 Watch Tower
10:16 Watch Tower
10:19 War Mill
11:47 Watch Tower
11:47 Watch Tower
11:48 Watch Tower
11:49 Watch Tower
12:08 Barracks
12:52 Watch Tower
12:53 Watch Tower
14:14 Voodoo Lounge
14:57 Beastiary
14:58 Beastiary
15:02 Orc Burrow
15:04 Orc Burrow
17:01 Orc Burrow
17:02 Orc Burrow
18:37 War Mill
20:56 Great Hall
20:59 Great Hall
28:47 Stronghold
» items
| Healing Salve | 9 | |
| Lesser Clarity Potion | 15 | |
| Boots of Speed | 1 | |
| Staff of Teleportation | 1 | |
| Circlet of Nobility | 1 | |
| Dust of Appearance | 2 | |
| Orb of Lightning | 1 | |
| Potion of Healing | 6 | |
| Potion of Mana | 6 | |
| Scroll of Town Portal | 1 | |
| Potion of Lesser Invulnerability | 1 | |
44 total
TIMG4STRok (
orange | 87 APM | 3593 actions | 41:25)
7 Archmage
3 Blizzard
3 Brilliance Aura
1 Mass Teleport
5 Pandaren Brewmaster
3 Breath of Fire
2 Drunken Brawler
» actions
| Assign group hotkey | 12 | |
| Basic commands | 80 | |
| Build / train | 106 | |
| ESC pressed | 3 | |
| Enter build submenu | 62 | |
| Enter hero's abilities submenu | 12 | |
| Give item / drop item | 5 | |
| Right click | 1779 | |
| Select / deselect | 352 | |
| Select group hotkey | 902 | |
| Use ability | 280 | |
3593 total
» units
» upgrades
| Masonry | 3 | |
| Lumber Harvesting | 2 | |
| Magic Sentry | 1 | |
| Gunpowder | 3 | |
| Fragmentation Shards | 1 | |
| Armor | 3 | |
| Flare | 1 | |
14 total
» buildings
| Altar of Kings | 2 | |
| Farm | 9 | |
| Lumber Mill | 2 | |
| Scout Tower | 54 | |
| Arcane Tower | 2 | |
| Guard Tower | 31 | |
| Keep | 1 | |
| Arcane Sanctum | 1 | |
| Town Hall | 3 | |
| Castle | 1 | |
| Blacksmith | 1 | |
| Arcane Vault | 1 | |
| Workshop | 2 | |
110 total
» build order
00:17 Altar of Kings
00:19 Farm
01:03 Lumber Mill
01:07 Scout Tower
01:23 Farm
01:35 Arcane Tower
01:53 Scout Tower
02:23 Scout Tower
02:25 Guard Tower
02:25 Guard Tower
02:56 Scout Tower
02:57 Guard Tower
03:27 Guard Tower
03:29 Scout Tower
04:10 Guard Tower
04:12 Scout Tower
04:16 Scout Tower
04:17 Scout Tower
04:21 Keep
04:48 Guard Tower
04:50 Scout Tower
04:53 Guard Tower
05:17 Guard Tower
05:19 Scout Tower
05:20 Scout Tower
06:57 Guard Tower
06:58 Scout Tower
07:00 Scout Tower
07:27 Arcane Sanctum
07:29 Farm
08:23 Town Hall
08:26 Scout Tower
08:27 Scout Tower
08:27 Scout Tower
08:28 Scout Tower
08:29 Scout Tower
08:30 Scout Tower
08:30 Scout Tower
08:31 Scout Tower
08:48 Scout Tower
08:49 Scout Tower
08:49 Scout Tower
08:50 Scout Tower
08:53 Guard Tower
09:02 Guard Tower
09:20 Guard Tower
09:22 Guard Tower
09:34 Guard Tower
09:50 Guard Tower
09:52 Scout Tower
09:53 Scout Tower
09:54 Scout Tower
09:55 Scout Tower
09:58 Guard Tower
10:26 Guard Tower
10:33 Castle
10:52 Guard Tower
10:55 Scout Tower
10:57 Guard Tower
11:26 Arcane Tower
13:02 Blacksmith
13:04 Arcane Vault
14:07 Farm
14:07 Farm
14:08 Farm
14:09 Farm
14:10 Farm
14:11 Farm
14:40 Workshop
14:44 Workshop
19:08 Scout Tower
19:09 Scout Tower
19:11 Scout Tower
19:11 Scout Tower
19:12 Scout Tower
19:13 Scout Tower
20:37 Guard Tower
20:41 Lumber Mill
21:19 Town Hall
22:54 Scout Tower
22:55 Scout Tower
22:56 Scout Tower
23:02 Altar of Kings
23:46 Guard Tower
23:53 Scout Tower
25:37 Guard Tower
25:39 Scout Tower
25:49 Town Hall
26:07 Guard Tower
26:08 Scout Tower
26:10 Scout Tower
26:11 Scout Tower
26:12 Scout Tower
26:12 Scout Tower
26:14 Scout Tower
26:38 Scout Tower
26:38 Scout Tower
26:39 Scout Tower
26:40 Scout Tower
26:51 Guard Tower
27:12 Guard Tower
27:13 Guard Tower
27:36 Guard Tower
28:58 Guard Tower
29:06 Scout Tower
29:07 Scout Tower
29:35 Guard Tower
30:47 Scout Tower
30:48 Guard Tower
31:16 Guard Tower
» items
| Staff of Teleportation | 2 | |
| Boots of Speed | 2 | |
| Lesser Clarity Potion | 4 | |
| Healing Salve | 3 | |
| Potion of Healing | 2 | |
| Potion of Mana | 1 | |
| Orb of Lightning | 1 | |
| Staff of Sanctuary | 2 | |
17 total
team 2 (loser)
nX]Sira. (
pink | 125 APM | 5165 actions | 41:13)
4 Demon Hunter
2 Mana Burn
2 Evasion
4 Naga Sea Witch
2 Frost Arrows
2 Forked Lightning
» actions
| Assign group hotkey | 95 | |
| Basic commands | 377 | |
| Build / train | 143 | |
| ESC pressed | 13 | |
| Enter build submenu | 27 | |
| Enter hero's abilities submenu | 9 | |
| Right click | 2108 | |
| Select / deselect | 1052 | |
| Select group hotkey | 1105 | |
| Use ability | 236 | |
5165 total
» units
| Wisp | 49 | |
| Archer | 45 | |
| Hippogryph | 8 | |
| Druid of the Talon | 5 | |
107 total
» upgrades
| Improved Bows | 1 | |
| Strength of the Moon | 2 | |
| Hippogryph Taming | 1 | |
| Reinforced Hides | 1 | |
| Nature's Blessing | 1 | |
| Druid of the Talon Training | 2 | |
| Well Spring | 1 | |
9 total
» buildings
| Altar of Elders | 2 | |
| Moon Well | 11 | |
| Hunter's Hall | 1 | |
| Ancient of War | 2 | |
| Tree of Ages | 1 | |
| Ancient of Wind | 4 | |
| Tree of Life | 2 | |
| Tree of Eternity | 2 | |
25 total
» build order
00:04 Altar of Elders
00:19 Moon Well
01:51 Hunter's Hall
01:54 Ancient of War
01:57 Ancient of War
02:10 Moon Well
02:54 Moon Well
03:06 Moon Well
09:54 Tree of Ages
14:29 Ancient of Wind
14:30 Ancient of Wind
16:35 Moon Well
16:38 Moon Well
16:40 Moon Well
17:29 Tree of Life
17:36 Moon Well
27:35 Tree of Eternity
29:38 Tree of Life
34:06 Ancient of Wind
34:52 Altar of Elders
35:56 Moon Well
36:15 Moon Well
37:14 Ancient of Wind
37:15 Moon Well
» items
| Scroll of Healing | 4 | |
| Staff of Teleportation | 2 | |
6 total
vM]BlowJoB (
yellow | 196 APM | 8131 actions | 41:24)
6 Priestess of the Moon
1 Searing Arrows
3 Trueshot Aura
1 Scout
1 Starfall
» actions
| Assign group hotkey | 846 | |
| Basic commands | 942 | |
| Build / train | 126 | |
| ESC pressed | 9 | |
| Enter build submenu | 16 | |
| Enter hero's abilities submenu | 6 | |
| Remove unit from queue | 4 | |
| Right click | 2384 | |
| Select / deselect | 1158 | |
| Select group hotkey | 2404 | |
| Use ability | 236 | |
8131 total
» units
| Wisp | 22 | |
| Archer | 35 | |
| Glaive Thrower | 25 | |
| Dryad | 10 | |
92 total
» upgrades
| Strength of the Moon | 2 | |
| Ultravision | 1 | |
| Vorpal Blades | 1 | |
| Improved Bows | 1 | |
| Abolish Magic | 1 | |
| Nature's Blessing | 1 | |
7 total
» buildings
| Altar of Elders | 1 | |
| Moon Well | 7 | |
| Hunter's Hall | 1 | |
| Ancient of War | 2 | |
| Tree of Life | 1 | |
| Tree of Ages | 2 | |
| Ancient of Lore | 2 | |
16 total
» build order
00:04 Altar of Elders
00:16 Moon Well
01:33 Hunter's Hall
01:53 Ancient of War
02:18 Ancient of War
02:40 Moon Well
02:47 Moon Well
03:27 Moon Well
07:16 Moon Well
09:40 Tree of Life
16:37 Moon Well
17:06 Tree of Ages
17:06 Tree of Ages
22:13 Moon Well
31:05 Ancient of Lore
31:08 Ancient of Lore
» items
Chat log
(00:14 / Allies) TIMG4STRok: tough question
(00:15 / Allies) TheNumber1-B: they pretty nerdy btw
(00:27 / Allies) TIMG4STRok: how long am i allowed to stay wherever i go
(00:31 / Allies) TheNumber1-B: hmm
(00:34 / Allies) TheNumber1-B: a week
(00:43 / Allies) TIMG4STRok: idk
(00:47 / Allies) TIMG4STRok: probably chill in the 70s
(00:57 / Allies) TheNumber1-B: thats what i was thinkin lol
(01:00 / Allies) TIMG4STRok: buy some stock in a company thats gonna get huge like ibm or microsoft if it was around
(01:20 / Allies) TheNumber1-B: or
(01:23 / Allies) TheNumber1-B: i could just say
(01:29 / Allies) TheNumber1-B: go like a yr to future
(01:31 / Allies) TheNumber1-B: super bowl
(01:33 / Allies) TheNumber1-B: then bet on it
(01:35 / Allies) TheNumber1-B: in a yr
(01:48 / Allies) TIMG4STRok: id rather chill in the 70s and smoke a lot of weed and listen to good music
(02:00 / Allies) TheNumber1-B: go see the beatles live
(02:02 / Allies) TheNumber1-B: that would be awesome
(02:07 / Allies) TIMG4STRok: led zeppelin
(02:11 / Allies) TIMG4STRok: holy canoli
(02:13 / Allies) TIMG4STRok: so many bands id see
(02:51 / Allies) TIMG4STRok: he
(02:52 / Allies) TIMG4STRok: tped
(02:52 / Allies) TIMG4STRok: home
(02:53 / Allies) TheNumber1-B: ya
(02:54 / Allies) TheNumber1-B: i know
(02:55 / Allies) TheNumber1-B: lol
(04:50 / Allies) TheNumber1-B: pink not having a good game so far lol
(04:55 / Allies) TIMG4STRok: lmao
(05:05 / Allies) TIMG4STRok: archerrr
(05:09 / Allies) TIMG4STRok: dual rax archer
(05:53 / Allies) TIMG4STRok: share
(05:53 / Allies) TIMG4STRok: and
(05:54 / Allies) TIMG4STRok: repair
(07:08 / Allies) TheNumber1-B: lollerific
(07:14 / Allies) TIMG4STRok: if that wasnt on top of a hill
(07:18 / Allies) TIMG4STRok: we would have lost lmao
(07:25 / Allies) TheNumber1-B: shit load of archers
(07:56 / Allies) TheNumber1-B: they still massing
(08:59 / Allies) TIMG4STRok: go
(09:04 / Allies) TIMG4STRok: my expoioooo
(10:12 / Allies) TheNumber1-B: :X
(12:56 / Allies) TIMG4STRok: lmao
(12:59 / Allies) TIMG4STRok: get workers out
(14:52 / Allies) TIMG4STRok: make
(14:53 / Allies) TIMG4STRok: beast
(15:57 / All) TheNumber1-B: towa #1
(16:52 / Allies) TheNumber1-B: gold me
(17:05 / Allies) TheNumber1-B: u want bats ?
(17:34 / Allies) TheNumber1-B: y dont u staff
(17:38 / Allies) TIMG4STRok: fucked up
(17:39 / Allies) TIMG4STRok: on it
(17:47 / Allies) TIMG4STRok: didnt set my hotkey
(18:04 / Allies) TIMG4STRok: agi
(18:05 / Allies) TIMG4STRok: tome
(18:51 / Allies) TIMG4STRok: gimme salve
(18:52 / Allies) TIMG4STRok: i salve us
(19:00 / Allies) TheNumber1-B: eh
(19:01 / Allies) TheNumber1-B: w/e
(19:02 / Allies) TheNumber1-B: ;p
(19:14 / Allies) TIMG4STRok: take
(19:15 / Allies) TheNumber1-B: gaunts for ur panda huh
(19:41 / Allies) TheNumber1-B: damn that focus
(20:13 / Allies) TheNumber1-B: reveal?
(20:40 / Allies) TheNumber1-B: feed
(22:40 / Allies) TIMG4STRok: yo
(22:42 / Allies) TIMG4STRok: this is brutal
(22:53 / Allies) TheNumber1-B: what is
(22:58 / Allies) TIMG4STRok: the archers
(23:29 / Allies) TIMG4STRok: gotta kil that siege
(23:29 / Allies) TheNumber1-B: damn
(23:44 / Allies) TheNumber1-B: gold me some
(24:07 / Allies) TIMG4STRok: 5 guys on the mine maybe
(24:47 / Allies) TheNumber1-B: yo 90% of people woulda rq by now
(26:35 / Allies) TheNumber1-B: potm
(26:41 / Allies) TheNumber1-B: DAMN
(26:58 / Allies) TheNumber1-B: sec
(27:01 / Allies) TheNumber1-B: gonna get a pot
(27:03 / Allies) TheNumber1-B: a bladesotmr
(27:54 / Allies) TheNumber1-B: did pretty good there
(29:42 / Allies) TIMG4STRok: kill army
(29:43 / Allies) TIMG4STRok: i got main
(30:04 / Allies) TheNumber1-B: REVEAL
(30:14 / Allies) TheNumber1-B: DEAD POTM WALKING
(30:17 / Allies) TheNumber1-B: reveal pls
(30:22 / Allies) TIMG4STRok: use my tower
(30:23 / Allies) TIMG4STRok: im
(30:23 / Allies) TIMG4STRok: busy
(30:41 / Allies) TIMG4STRok: fuck
(30:43 / Allies) TIMG4STRok: his tree lived
(30:45 / Allies) TIMG4STRok: because i was typing
(31:06 / Allies) TheNumber1-B: wowowowo
(31:08 / Allies) TheNumber1-B: potm was so dead
(31:09 / Allies) TheNumber1-B: dam
(31:25 / Allies) TheNumber1-B: this one?
(31:29 / Allies) TIMG4STRok: whatever
(32:45 / Allies) TIMG4STRok: gay staff
(34:23 / Allies) TheNumber1-B: lol
(34:25 / Allies) TheNumber1-B: bm so pro
(36:20 / Allies) TheNumber1-B: potm gone so good
(40:28 / Allies) TheNumber1-B: dh cant fuck with me
(41:18 / All) vM]BlowJoB: gg
(41:24 / All) TheNumber1-B: gg